 Dungeon Crawl Stone Soup version 0.23.0 (webtiles) character file.

Game seed: 8511353745523675793

46 night the Charmwright (level 3, 0/27 HPs)
             Began as a Demonspawn Skald on Feb 10, 2019.
             Succumbed to an adder's poison
             ... on level 2 of the Dungeon.
             The game lasted 00:03:46 (1764 turns).

night the Charmwright (Demonspawn Skald)            Turns: 1764, Time: 00:03:46

Health: 0/27       AC:  3    Str: 17    XL:     3   Next: 46%
Magic:  3/6        EV: 12    Int: 14    God:
Gold:   46         SH:  0    Dex: 12    Spells: 0/6 levels left

rFire    . . .     SeeInvis .   a - +0 hand axe
rCold    + . .     Gourm    .   (no shield)
rNeg     . . .     Faith    .   b - +0 leather armour
rPois    .         Spirit   .   (no helmet)
rElec    .         Reflect  .   (no cloak)
rCorr    .         Harm     .   (no gloves)
MR       .....                  (no boots)
Stlth    +.........             (no amulet)
HPRegen  0.09/turn              (no ring)
MPRegen  0.10/turn              (no ring)

@: mighty, lethally poisoned (0 -> -9), very slightly contaminated
A: cold resistance 1, freezing cloud immunity
a: no special abilities


You were on level 2 of the Dungeon.
You were not hungry.

You visited 1 branch of the dungeon, and saw 2 of its levels.

You collected 46 gold pieces.

Inventory:

Hand Weapons
 a - a +0 hand axe (weapon)
Missiles
 e - 25 stones (quivered)
 o - 21 sling bullets
Armour
 b - a +0 leather armour (worn)
Scrolls
 c - a scroll of random uselessness {unknown}
 g - 2 scrolls of amnesia {unknown}
 h - 2 scrolls of fog {unknown}
 i - a scroll of remove curse {unknown}
 l - a scroll of immolation {unknown}
 n - a scroll of identify {unknown}
Potions
 f - a potion of degeneration {unknown}
 j - a potion of might
 k - a potion of curing {unknown}
 m - 2 potions of haste {unknown}
Comestibles
 d - 5 rations


   Skills:
 - Level 2.0 Fighting
 + Level 2.4 Axes
 - Level 0.8 Armour
 - Level 1.7 Dodging
 - Level 2.4 Spellcasting
 + Level 0.7 Hexes
 - Level 3.2 Charms


You couldn't memorise any spells.
You knew the following spells:

 Your Spells              Type           Power        Failure   Level  Hunger
a - Infusion              Chrm           ##..         7%          1    #......
b - Shroud of Golubria    Chrm/Tloc      #.........   22%         2    ###....
c - Spectral Weapon       Hex/Chrm       #.......     34%         3    ###....

Your spell library contained the following spells:

 Spells                   Type           Power        Failure   Level  Hunger
 Song of Slaying          Chrm           ##......     11%         2    ###....
 Regeneration             Chrm/Necr      #.........   38%         3    ###....


Dungeon Overview and Level Annotations

Branches:
Dungeon (2/15)

Altars:


Innate Abilities, Weirdness & Mutations

Your flesh is cold resistant. (rC+)
You are immune to freezing clouds.


Message History

You barely miss the adder.
The adder is almost dead.
You feel sick. The adder barely misses you.
You completely miss the adder.
The adder is almost dead.
The adder bites you but does no damage. The adder barely misses you.
You barely miss the adder.
The adder is almost dead.
You feel sick. The adder closely misses you.
You closely miss the adder.
The adder is almost dead.
The adder bites you.
* * * LOW HITPOINT WARNING * * *
The adder bites you.
* * * LOW HITPOINT WARNING * * *
You are more poisoned.
The adder poisons you!
It was a potion of might.
You feel very mighty all of a sudden.
You die...

#.....#
#.##..# #
#..# #.[#
.#### #..#
......##..#
..........#
.########.#
......S@.#
##########


You could see an adder.

Vanquished Creatures
  A gnoll (D:1)
  An ooze (D:1)
  6 bats (D:1)
  7 goblins (D:1)
  A hobgoblin (D:1)
  4 jackals (D:1)
  5 kobolds (D:1)
  3 frilled lizards
  2 rats (D:1)
30 creatures vanquished.

Notes
Turn   | Place    | Note
-------+----------+-------------------------------------------
     0 | D:1      | night the Demonspawn Skald began the quest for the Orb.
     0 | D:1      | Reached XP level 1. HP: 16/16 MP: 3/3
   284 | D:1      | Gained mutation: Your flesh is cold resistant. (rC+)
                  | [demonic ancestry]
   284 | D:1      | Reached XP level 2. HP: 22/22 MP: 5/5
   295 | D:1      | Learned a level 2 spell: Shroud of Golubria
   392 | D:1      | Reached skill level 3 in Charms
   845 | D:1      | Gained mutation: You are immune to freezing clouds.
                  | [demonic ancestry]
   845 | D:1      | Reached XP level 3. HP: 19/27 MP: 6/6
   954 | D:1      | Learned a level 3 spell: Spectral Weapon
  1763 | D:2      | HP: 1/27 [adder (4)]
  1764 | D:2      | Succumbed to an adder's poison

Skill      XL: |  1  2 |
---------------+-------+-----
Axes           | 2 |  2.4
Charms         | 3 |  3.2
Fighting       | |  2.0
Armour         | |  0.8
Dodging        | |  1.7
Spellcasting   | |  2.4
Hexes          | |  0.7

Action                   || total
-------------------------++-------
Melee: Hand axe          ||   122
 Cast: Infusion          ||     1
       Shroud of Golubri ||     1
  Use: Potion            ||     1
 Stab: Sleeping          ||     1
  Eat: Chunk             ||     3
Armor: Leather armour    ||    34
Dodge: Dodged            ||    89
